 Dungeon Crawl Stone Soup version 0.29-a0-334-gb41bcbb86e (webtiles) character file.

Game seed: 6358205377289331046

88 zeratav the Grasshopper (level 4, -2/38 HPs)
             Began as a Gnoll Warper on Apr 15, 2022.
             Slain by Sigmund
             ... wielding a +0 scythe
              (7 damage)
             ... on level 2 of the Dungeon.
             The game lasted 00:04:47 (2447 turns).

zeratav the Grasshopper (Gnoll Warper)              Turns: 2447, Time: 00:04:48

Health: -2/38      AC:  5    Str: 12    XL:     4   Next: 54%
Magic:  11/11      EV: 11    Int: 18    God:
Gold:   85         SH:  0    Dex: 12    Spells: 10/13 levels left

rFire   . . .      SeeInvis .   a - +0 hand axe {axe}
rCold   . . .      Faith    .   (no shield)
rNeg    . . .      Spirit   .   s - +0 ring mail
rPois   .          Reflect  .   (no helmet)
rElec   .          Harm     .   (no cloak)
rCorr   .          Rampage  .   (no gloves)
Will    .....                   (no boots)
Stlth   ..........              l - amulet of magic regeneration {@e2}
HPRegen 0.12/turn               h - +6 ring of intelligence
MPRegen 0.52/turn               (no ring)

@: confused
A: fangs 1, strong nose, distributed training
a: no special abilities


You were on level 2 of the Dungeon.
You visited 1 branch of the dungeon, and saw 2 of its levels.

You collected 85 gold pieces.


Innate Abilities, Weirdness & Mutations

You have very sharp teeth.
Your uncanny sense of smell can sniff out nearby items.
Your experience applies equally to all skills.


   Skills:
 + Level 4.6 Fighting
 + Level 1.2 Short Blades
 + Level 1.2 Long Blades
 + Level 4.6 Axes
 + Level 1.2 Maces & Flails
 + Level 1.2 Polearms
 + Level 1.2 Staves
 + Level 1.2 Slings
 + Level 1.2 Bows
 + Level 1.2 Crossbows
 + Level 2.8 Throwing
 + Level 2.8 Armour
 + Level 4.6 Dodging
 + Level 1.2 Stealth
 + Level 1.2 Shields
 + Level 1.2 Unarmed Combat
 + Level 5.1 Spellcasting
 + Level 1.0 Conjurations
 + Level 1.0 Hexes
 + Level 1.0 Summonings
 + Level 1.0 Necromancy
 + Level 5.5 Translocations
 + Level 1.0 Transmutations
 + Level 1.0 Fire Magic
 + Level 1.0 Ice Magic
 + Level 1.0 Air Magic
 + Level 1.0 Earth Magic
 + Level 1.0 Poison Magic
 + Level 1.3 Invocations
 + Level 1.2 Evocations


You had 10 spell levels left.
You knew the following spells:

 Your Spells              Type           Power      Damage    Failure   Level
a - Gell's Gravitas       Tloc           24%        N/A       9%          3

Your spell library contained the following spells:

 Spells                   Type           Power      Damage    Failure   Level
 Blink                    Tloc           48%        N/A       4%          2
 Lesser Beckoning         Tloc           24%        N/A       9%          3
 Teleport Other           Tloc           24%        N/A       9%          3
 Manifold Assault         Tloc           24%        N/A       63%         5
 Storm Form               Tmut/Air       4%         N/A       100%        7

Inventory:

Hand Weapons
 a - a +0 hand axe (weapon) {axe}
Missiles
 d - 3 boomerangs of dispersal (quivered) {=fthrowing}
Armour
 m - a +0 robe
   (You took it off Jessica on level 2 of the Dungeon)
 n - a +0 plate armour
   (You found it on level 1 of the Dungeon)
 p - a +2 pair of gloves
   (You found it on level 2 of the Dungeon)
 s - a +0 ring mail (worn)
   (You found it on level 2 of the Dungeon)
Jewellery
 h - a +6 ring of intelligence (left hand)
   (You found it on level 1 of the Dungeon)
 l - an amulet of magic regeneration (around neck) {@e2}
   (You took it off a hobgoblin on level 1 of the Dungeon)
Scrolls
 b - a scroll of enchant armour {unknown}
 c - a scroll of blinking {!r}
 f - a scroll of torment {unknown}
 g - a scroll of teleportation {unknown}
 i - a scroll of fear {unknown}
 k - 2 scrolls of identify {unknown}
 o - a scroll of enchant weapon {unknown}
Potions
 e - 2 potions of cancellation {unknown}
 j - 3 potions of heal wounds {unknown}
 q - 2 potions of brilliance {unknown}

Dungeon Overview and Level Annotations

Branches:
Dungeon (2/15)

Altars:

Shops:
D:1 *[[

Annotations:
D:2 Sigmund

....# {.... ..... ###########
.[... #..@......# .....
#†#######.# .....#########.# #.#
..........).##h#######.##########
......h.....##.##................
............##.##.####.##########
.....!......##.##.# #.#
..........†{##.##.# #.#
?..........h)..##.# #.##########


There were no monsters in sight!


Message History

Reactivating autopickup.
There is a stone staircase leading down here.
You start resting.
You start resting.
HP[+31]
Your hp is fully restored (38).
This spell is dangerous to cast!
Memorise Gell's Gravitas, consuming 3 spell levels and leaving 10?
You start memorising the spell.
You continue memorising. x3
You finish memorising.
Spell assigned to 'a'.
Okay, then.
Unknown command.
You can't go up here!
You climb downwards.
Level annotation: Sigmund
There is a stone staircase leading up here.
Sigmund casts a spell.
Sigmund flickers and vanishes!
Deactivating autopickup; reactivate with Ctrl-A.
Casting: Gell's Gravitas (dangerous; 9% risk of failure)
Confirm with . or Enter, or press ? or * to list all spells.
Aiming: Gell's Gravitas (dangerous; 9% risk of failure)
Press: ? - help, Dir - move target Gravity reorients around empty space.
MP[-3]
You lost 3 mp, and now have 8/11 mp.
You barely miss the hobgoblin. The hobgoblin misses you.
MP[+1]
You hit the hobgoblin but do no damage.
The hobgoblin hits you but does no damage.
You hit the hobgoblin.
You kill the hobgoblin!
The jackal bites you but does no damage.
MP[+1]
Casting: Gell's Gravitas (dangerous; 9% risk of failure)
Confirm with . or Enter, or press ? or * to list all spells.
Aiming: Gell's Gravitas (dangerous; 9% risk of failure)
Press: ? - help, Dir - move target Gravity reorients around empty space.
The jackal collides with something!
The jackal bites you.
HP[-2] MP[-3]
You take 2 damage, and now have 36/38 hp.
You lost 3 mp, and now have 7/11 mp.
You barely miss the jackal. The jackal barely misses you. Something hits you!
The jackal bites you but does no damage.
HP[-10] MP[+1]
You take 10 damage, and now have 26/38 hp.
MASSIVE DAMAGE!! (PAUSE)
You hit the jackal.
You kill the jackal!
You hear some strange, mumbled words.
You are confused.
Your Conjurations skill increases to level 1!
Your Hexes skill increases to level 1!
Your Summonings skill increases to level 1!
Your Necromancy skill increases to level 1!
Your Transmutations skill increases to level 1!
Your Fire Magic skill increases to level 1!
Your Ice Magic skill increases to level 1!
Your Air Magic skill increases to level 1!
Your Earth Magic skill increases to level 1!
Your Poison Magic skill increases to level 1!
Something hits you.
HP[-1] MP[+1]
You take 1 damage, and now have 25/38 hp.
You see here a jackal corpse.
HP[+1]
You hit something. Your punch misses something. Your bite misses something.
Something hits you but does no damage.
MP[+1]
You closely miss something. Your bite misses something.
You hear some strange, mumbled words.
You are more confused.
You're too confused to move!
Something hits you.
HP[-2] MP[+1]
You take 2 damage, and now have 24/38 hp.
Your mp is fully restored (11).
You bump into the rock wall.
You bump into the rock wall.
The jackal barks!
Something hits you!
* * * LOW HITPOINT WARNING * * *
HP[-12]
You take 12 damage, and now have 12/38 hp.
MASSIVE DAMAGE!! (PAUSE)
You hit something. Your bite misses something. Something hits you!
* * * LOW HITPOINT WARNING * * *
HP[-8]
You take 8 damage, and now have 4/38 hp.
MASSIVE DAMAGE!! (PAUSE)
You bump into the rock wall.
Something barely misses you.
You're too confused to cast spells.
You barely miss something.
HP[+1]
You hear some strange, mumbled words.
You are more confused.
There is a stone staircase leading up here.
Something hits you!
You die...

Skill      XL: |  1  2  3  4 |
---------------+-------------+-----
Spellcasting   | 5 |  5.1
Invocations    | 1 |  1.3
Short Blades   | 1 |  1.2
Long Blades    | 1 |  1.2
Maces & Flails | 1 |  1.2
Polearms       | 1 |  1.2
Staves         | 1 |  1.2
Slings         | 1 |  1.2
Bows           | 1 |  1.2
Crossbows      | 1 |  1.2
Stealth        | 1 |  1.2
Shields        | 1 |  1.2
Unarmed Combat | 1 |  1.2
Evocations     | 1 |  1.2
Conjurations   | 1 |  1.0
Hexes          | 1 |  1.0
Summonings     | 1 |  1.0
Necromancy     | 1 |  1.0
Transmutations | 1 |  1.0
Fire Magic     | 1 |  1.0
Ice Magic      | 1 |  1.0
Air Magic      | 1 |  1.0
Earth Magic    | 1 |  1.0
Poison Magic   | 1 |  1.0
Fighting       | |  4.6
Axes           | |  4.6
Throwing       | |  2.8
Armour         | |  2.8
Dodging        | |  4.6
Translocations | |  5.5

Action                   |  1- 3 |  4- 6 || total
-------------------------+-------+-------++-------
Melee: Hand axe          |   109 |    35 ||   144
       Bite              |     9 |     4 ||    13
       Punch             |     1 |       ||     1
Throw: Boomerang         |     4 |       ||     4
 Cast: Gell's Gravitas   |       |     2 ||     2
  Use: Scroll            |       |     1 ||     1
Armor: Leather armour    |    28 |       ||    28
       Ring mail         |     1 |    14 ||    15
Dodge: Dodged            |    57 |    21 ||    78

Levels and vault maps discovered:
D:1:      amcnicky_arrival_wind_blow, layout_basic,
          dreamdust_ecumenical_altar_drowned_temple, serial_shops,
          nicolae_shop_hallway_stairs, nicolae_shop_waterfront,
          nicolae_shop_crystal
D:2:      cheibrodos_helix_gallery, layout_basic, uniq_sigmund, uniq_jessica

Notes
Turn   | Place    | Note
-------+----------+-------------------------------------------
     0 | D:1      | zeratav the Gnoll Warper began the quest for the Orb.
     0 | D:1      | Reached XP level 1. HP: 20/20 MP: 6/6
     0 | D:1      | magus.rc [v1.9.6]
    25 | D:1      | Found Xexkiown's Assorted Antiques.
    94 | D:1      | Found Odaruss's Armour Shoppe.
   226 | D:1      | Reached XP level 2. HP: 24/26 MP: 7/7
   431 | D:1      | Reached XP level 3. HP: 27/31 MP: 9/9
   496 | D:1      | Found Raeschia's Armour Emporium.
   554 | D:1      | Reached skill level 5 in Spellcasting
   951 | D:1      | Found a faded altar of an unknown god.
  1089 | D:2      | Reached skill level 1 in Invocations
  1090 | D:2      | HP: 7/31 [poisoned by an adder]
  1819 | D:2      | Reached skill level 1 in Short Blades
  1819 | D:2      | Reached skill level 1 in Long Blades
  1819 | D:2      | Reached skill level 1 in Maces & Flails
  1819 | D:2      | Reached skill level 1 in Polearms
  1819 | D:2      | Reached skill level 1 in Staves
  1819 | D:2      | Reached skill level 1 in Slings
  1819 | D:2      | Reached skill level 1 in Bows
  1819 | D:2      | Reached skill level 1 in Crossbows
  1819 | D:2      | Reached skill level 1 in Stealth
  1819 | D:2      | Reached skill level 1 in Shields
  1819 | D:2      | Reached skill level 1 in Unarmed Combat
  1819 | D:2      | Reached skill level 1 in Evocations
  1973 | D:2      | Noticed Jessica
  1979 | D:2      | Killed Jessica
  1980 | D:2      | Reached XP level 4. HP: 34/38 MP: 11/11
  2140 | D:2      | Noticed Sigmund
  2162 | D:2      | HP: 7/38 [something (8)]
  2425 | D:1      | Learned a level 3 spell: Gell's Gravitas
  2435 | D:2      | Reached skill level 1 in Conjurations
  2435 | D:2      | Reached skill level 1 in Hexes
  2435 | D:2      | Reached skill level 1 in Summonings
  2435 | D:2      | Reached skill level 1 in Necromancy
  2435 | D:2      | Reached skill level 1 in Transmutations
  2435 | D:2      | Reached skill level 1 in Fire Magic
  2435 | D:2      | Reached skill level 1 in Ice Magic
  2435 | D:2      | Reached skill level 1 in Air Magic
  2435 | D:2      | Reached skill level 1 in Earth Magic
  2435 | D:2      | Reached skill level 1 in Poison Magic
  2442 | D:2      | HP: 4/38 [something (8)]
  2447 | D:2      | Slain by Sigmund

Vanquished Creatures
  Jessica (D:2)
  An adder (D:2)
  A dart slug (D:1)
  4 ball pythons
  A bat (D:2)
  7 endoplasms
  2 giant cockroaches (D:1)
  6 hobgoblins
  5 jackals
  5 kobolds
  4 quokkas
  A frilled lizard (D:1)
  7 rats
  A spectral goblin (D:1)
46 creatures vanquished.

Table legend:
 A = Non-vault XP
 B = Vault XP
 C = Vault XP percentage of total XP
 D = Non-vault monster count
 E = Vault monster count
 F = Vault count percentage of total count
                 A         B        C        D         E       F
            +---------+---------+-------+---------+---------+-------
      Total |      86 |      41 |  32.3 |      42 |       4 |   8.7
            +---------+---------+-------+---------+---------+-------
        D:1 |      40 |       1 |   2.4 |      22 |       1 |   4.3
        D:2 |      46 |      40 |  46.5 |      20 |       3 |  13.0
            +---------+---------+-------+---------+---------+-------

Illustrated notes

Table legend:
 A = Kills in this place as a percentage of kills in entire the game.
 B = Kills by you in this place as a percentage of kills by you in the entire game.
 C = Kills by friends in this place as a percentage of kills by friends in the entire game.
 D = Other kills in this place as a percentage of other kills in the entire game.
 E = Experience gained in this place as a percentage of experience gained in the entire game.
 F = Experience gained in this place divided by the number of levels of this place that you have seen.
                   A       B       C       D       E      F
               +-------+-------+-------+-------+-------+----------------------
         Total | 100.0 | 100.0 |   N/A |   N/A | 100.0 |  63.5
       Dungeon | 100.0 | 100.0 |   N/A |   N/A | 100.0 |  63.5
               +-------+-------+-------+-------+-------+----------------------

Table legend: (Time is in decaauts)
 A = Elapsed time spent in this place.
 B = Non-inter-level travel time spent in this place.
 C = Inter-level travel time spent in this place.
 D = Time resting spent in this place.
 E = Time spent auto-exploring this place.
 F = Levels seen in this place.
 G = Mean time per level.
                   A        B        C        D        E       F      G
               +--------+--------+--------+--------+--------+-----+--------+
         Total |   2467 |   2441 |     26 |    860 |   1216 |   2 | 1233.5 |
       Dungeon |   2467 |   2441 |     26 |    860 |   1216 |   2 | 1233.5 |
               +--------+--------+--------+--------+--------+-----+--------+

Top non-repeatable levels by time:
     D:1: 1345 daAuts
     D:2: 1122 daAuts
